cohdb
Replays
Latest Replays
All Replays
Popular Replays
Top Player Replays
Match Explorer
How It Works
Community
CoH3 Stats
Reddit
Sign in to upload your games and track your stats! →
Sign in with Steam
Match 41256594
Unlisted
Match 41256594
Overview
Messages
Build Orders
End
Panzergrenadier Squad
Selects Panzerjäger Kommand Battlegroup
Selects Mine Fields
250 Light Carrier
Panzergrenadier Squad
Construct Light Support Kompanie
MG34 Team
Fire Support Elements
Selects Defensive Positions
Flakvierling Half-track
2.5-tonne Medical Truck
le.IG 18 Support Gun Team
Selects Butterfly Bomb Drop
Construct Panzerarmee Kommand
Pak 38 Mechanized Group
Selects GrB 39 Grenade Launcher Requisition
Selects Tank Busters
Veteran Squad Leaders
Vehicle Survival Package
Butterfly Bomb Drop
Selects Crew Shock Tactics
Panzer III L Medium Tank
Walking Stuka Rocket Launcher
Panzer III L Medium Tank
憨八龟
Valdai
Minboycrash_6464
SuperAnchovy
Kusa
Titans Ground Force
Bl00d_Ang3l
HiddenJoker
0
0
Comments
sign in to comment!
No comments posted yet!